 Dungeon Crawl Stone Soup version 0.30.0-19-g36f170ea60 (webtiles) character file.

Game seed: 2711328291240280023

213 Josd the Insei (level 6, -6/43 HPs)
             Began as a Human Transmuter on June 1, 2023.
             Was an Initiate of Okawaru.
             Engulfed by a steam dragon's steam (10 damage)
             ... on level 4 of the Dungeon.
             The game lasted 00:07:43 (2688 turns).

Josd the Insei (Human Transmuter)                   Turns: 2688, Time: 00:07:43

Health: -6/43      AC:  3    Str: 19    XL:     6   Next: 14%
Magic:  9/9        EV: 12    Int: 13    God:    Okawaru [......]
Gold:   110        SH:  0    Dex: 13    Spells: 7/10 levels left

rFire   . .          .
                       - Unarmed
rCold   . . .        (no shield)
rNeg    . . .        a - +0 robe
rPois   .            (no helmet)
rElec   .            (no cloak)
rCorr   .            n - +0 pair of gloves
SInv    .            (no boots)
Will    .....        (no amulet)
Stlth   ++           k - +6 ring of strength
HPRegen 0.27/turn    (no ring)
MPRegen 0.11/turn

%: no passive effects
@: no status effects
A: no striking features
a: Renounce Religion


You were on level 4 of the Dungeon.
You worshipped Okawaru.
Okawaru was noncommittal.
You visited 1 branch of the dungeon, and saw 4 of its levels.

You collected 110 gold pieces.

Inventory:

Missiles
 m - 3 poisoned darts
Armour
 a - a +0 robe (worn)
 l - a +0 ring mail
 n - a +0 pair of gloves (worn)
Jewellery
 k - a +6 ring of strength (left hand)
Wands
 p - a wand of charming (5)
Scrolls
 e - 2 scrolls of amnesia {unknown}
 f - a scroll of identify
 h - 2 scrolls of fog {unknown}
 o - a scroll of magic mapping {unknown}
 q - 2 scrolls of teleportation
Potions
 b - 2 potions of lignification
 c - a potion of cancellation {unknown}
 g - 2 potions of resistance {unknown}
 i - 3 potions of degeneration
 j - a potion of magic {unknown}


   Skills:
 + Level 1.5 Fighting
 + Level 2.7 Dodging
 + Level 1.1 Stealth
 + Level 5.1 Unarmed Combat
 + Level 2.5 Spellcasting
 + Level 2.4 Transmutations


You had 7 spell levels left.
You knew the following spells:

 Your Spells              Type           Power      Damage    Failure   Level
a - Beastly Appendage     Tmut           14%        N/A       9%          1
b - Wereblood             Tmut           7%         N/A       14%         2

Your spell library contained the following spells:

 Spells                   Type           Power      Damage    Failure   Level
 Spider Form              Tmut/Pois      4%         N/A       41%         3
 Stone Arrow              Conj/Erth      2%         3d7       58%         3
 Ice Form                 Ice/Tmut       4%         N/A       82%         4
 Lehudib's Crystal Spear  Conj/Erth      0%         10d2      100%        8
 Animate Armour           Summ/Erth      Unusable   N/A       N/A         4

Dungeon Overview and Level Annotations

Branches:
Dungeon (4/15)
 Temple: D:4-7

Altars:
Kikubaaqudgha
Okawaru
Trog

Annotations:
D:4 Ijyb


Message History

The ball python barely misses you. The ball python constricts you.
You barely miss Ijyb.
Ijyb is severely wounded.
The ball python closely misses you. The ball python constricts you.
Ijyb hits you with a +2 dagger of venom.
You are poisoned.
You closely miss Ijyb.
Ijyb is severely wounded.
You feel sick. The ball python closely misses you.
The ball python constricts you. Ijyb closely misses you.
You hit Ijyb but do no damage.
Ijyb is severely wounded.
You feel sick. The ball python bites you.
* * * LOW HITPOINT WARNING * * *
The ball python constricts you.
Ijyb hits you with a +2 dagger of venom.
* * * LOW HITPOINT WARNING * * *
You are lethally poisoned!
You feel better.
The ball python bites you but does no damage.
The ball python constricts you. Ijyb closely misses you.
You escape the ball python's grasp.
The ball python attacks as you move away!
The ball python misses you. The ball python barely misses you.
The ball python grabs you. The ball python constricts you.
As you read the scroll of teleportation, it crumbles to dust.
You feel strangely unstable. The ball python bites you.
The ball python constricts you.
* * * LOW HITPOINT WARNING * * *
Ijyb screams, "I cut your head off!"
You escape the ball python's grasp.
Your surroundings suddenly seem different.
A steam dragon comes into view.
The steam dragon hisses angrily.
The steam dragon breathes steam at you. The ball of steam hits you!
* * * LOW HITPOINT WARNING * * *
You are engulfed in a cloud of scalding steam.
You die...

###. .... #..#
#..# #..# #..#
#.§##############.
#.@§§§..D.........
#.###############.
#. #. #. #. #. #.


There were no monsters in sight!

Vanquished Creatures
  A phantom (D:4)
  Natasha (twice) (D:4)
  3 adders
  A worm (D:2)
  An orc (D:3)
  7 ball pythons
  2 endoplasms (D:4)
  6 giant cockroaches
  4 goblins
  3 hobgoblins
  8 jackals
  5 kobolds
  2 quokkas
  3 bats
  2 frilled lizards
  5 rats
55 creatures vanquished.

Notes
Turn   | Place    | Note
-------+----------+-------------------------------------------
     0 | D:1      | Josd the Human Transmuter began the quest for the Orb.
     0 | D:1      | Reached XP level 1. HP: 15/15 MP: 3/3
   220 | D:1      | Reached XP level 2. HP: 21/21 MP: 5/5
   250 | D:1      | Learned a level 2 spell: Wereblood
   809 | D:1      | Reached XP level 3. HP: 19/26 MP: 6/6
  1103 | D:2      | Found a bloodstained altar of Trog.
  1429 | D:2      | Reached skill level 4 in Unarmed Combat
  1568 | D:2      | You fall into a shaft and drop 1 floor!
  1583 | D:3      | Found a bloodstained altar of Trog.
  1783 | D:3      | Reached XP level 4. HP: 24/32 MP: 7/7
  2053 | D:3      | Found an ancient bone altar of Kikubaaqudgha.
  2067 | D:3      | Found an iron altar of Okawaru.
  2071 | D:3      | Became a worshipper of Warmaster Okawaru
  2381 | D:4      | Noticed a phantom
  2395 | D:4      | Killed a phantom
  2396 | D:4      | Reached XP level 5. HP: 26/37 MP: 8/8
  2454 | D:4      | Noticed Natasha
  2464 | D:4      | Killed Natasha
  2465 | D:4      | Reached skill level 1 in Stealth
  2465 | D:4      | Reached skill level 5 in Unarmed Combat
  2507 | D:4      | Noticed Natasha
  2515 | D:4      | Killed Natasha
  2516 | D:4      | Reached XP level 6. HP: 41/43 MP: 7/9
  2654 | D:4      | Noticed Ijyb
  2680 | D:4      | Noticed a steam dragon
  2688 | D:4      | Engulfed by a steam dragon's steam

Illustrated notes

Levels and vault maps discovered:
D:1:      mrwooster_arrival_statue_3, layout_basic
D:2:      layout_loops_corners, basic_altar, serial_shops,
          nicolae_shop_rolling_square
D:3:      layout_loops_ring, mainiacjoe_overflow_swirl,
          mainiacjoe_overflow_alcove_4
D:4:      layout_loops_ring, minmay_temple_entry_fiery, serial_shops,
          kennysheep_mini_moat, uniq_ijyb, uniq_natasha

Skill      XL: |  1  2  3  4  5 |
---------------+----------------+-----
Unarmed Combat | 4 5 |  5.1
Stealth        | 1 |  1.1
Fighting       | |  1.5
Dodging        | |  2.7
Spellcasting   | |  2.5
Transmutations | |  2.4

Action                     |  1- 3 |  4- 6 || total
---------------------------+-------+-------++-------
  Melee: Unarmed           |   115 |    85 ||   200
         Punch             |     4 |     2 ||     6
         Kick              |     5 |    10 ||    15
         Headbutt          |     2 |     4 ||     6
   Cast: Beastly Appendage |     6 |     5 ||    11
         Wereblood         |       |     1 ||     1
    Use: Scroll            |       |     4 ||     4
         Potion            |       |     2 ||     2
   Stab: Distracted        |       |     1 ||     1
         Sleeping          |       |     1 ||     1
 Armour: Robe              |    22 |    13 ||    35
  Dodge: Dodged            |    71 |    61 ||   132
